 Dungeon Crawl Stone Soup version 0.27-a0-1381-g81fdcbfb23 (webtiles) character file.

Game seed: 4391970987136282144

172 Froggeryz the Cutter (level 5, -1/54 HPs)
             Began as an Octopode Berserker on June 30, 2021.
             Was a Priest of Trog.
             Slain by Crazy Yiuf (16 damage)
             ... on level 3 of the Dungeon.
             The game lasted 00:02:58 (3589 turns).

Froggeryz the Cutter (Octopode Berserker)           Turns: 3589, Time: 00:02:58

Health: -1/54      AC:  1    Str: 17    XL:     5   Next: 52%
Magic:  5/5        EV: 13    Int:  9    God:    Trog [***...]
Gold:   116        SH:  0    Dex: 12    Spells: 4/4 levels left

rFire    . . .     SeeInvis .   a - +0 short sword
rCold    . . .     Faith    +   (no shield)
rNeg     . . .     Spirit   .   (helmet restricted)
rPois    .         Reflect  .   h - amulet of faith
rElec    .         Harm     .   (no ring)
rCorr    .         Rampage  .   (no ring)
Will     .....                  (no ring)
Stlth    ..........             (no ring)
HPRegen  0.18/turn              (no ring)
MPRegen  0.09/turn              (no ring)
                                (no ring)
                                (no ring)

@: berserking, lethally poisoned (-1 -> -11), slowed
A: almost no armour, amphibious, 8 rings, camouflage 1, gelatinous body 1,
(nimble swimmer 1), tentacles
a: Renounce Religion, Berserk, Trog's Hand


You were on level 3 of the Dungeon.
You worshipped Trog.
Trog was most pleased with you.
You visited 1 branch of the dungeon, and saw 3 of its levels.

You collected 116 gold pieces.

Inventory:

Hand Weapons
 a - a +0 short sword (weapon)
 f - a +0 hunting sling
Missiles
 e - 67 stones
 l - 26 sling bullets
 p - 3 javelins
Jewellery
 g - a ring of ice
 h - an amulet of faith (around mantle)
Scrolls
 b - a scroll of torment {unknown}
 i - a scroll of brand weapon {unknown}
 j - a scroll of teleportation {unknown}
 k - a scroll of immolation {unknown}
 m - 2 scrolls of identify {unknown}
 o - 2 scrolls of fear {unknown}
Potions
 c - a potion of berserk rage {unknown}
 d - 3 potions of curing {unknown}
 n - a potion of haste {unknown}
 q - a potion of magic {unknown}
 r - a potion of heal wounds {unknown}


   Skills:
 - Level 3.0 Fighting
 * Level 4.9 Short Blades
 + Level 1.8 Slings
 - Level 3.0 Dodging
 + Level 3.5 Stealth


You had 4 spell levels left.
You didn't know any spells.
Your spell library was empty.

Dungeon Overview and Level Annotations

Branches:
Dungeon (3/15)

Altars:
Wu Jian

Shops:
D:3 :

Annotations:
D:3 Crazy Yiuf


Innate Abilities, Weirdness & Mutations

You cannot wear most types of armour.
You are amphibious.
You can wear up to eight rings at the same time.
Your skin changes colour to match your surroundings (Stealth+).
Your rubbery body absorbs attacks. (AC +1, EV +1)
((You are camouflaged near water. (Stealth+)))
You have tentacles for arms and can constrict up to eight enemies at once.


Message History

You feel sick.
You feel sick.
You see here an adder corpse.
You start resting.
You feel sick. x3
You are no longer poisoned.
You start resting.
HP restored.
An orc is nearby!
An orc is nearby!
An orc is nearby!
The orc shouts!
You hit the orc. You grab the orc.
The orc is severely wounded.
You constrict the orc. The orc barely misses you.
You hit the orc.
You kill the orc!
Trog accepts your kill.
No target in view!
m - 2 scrolls labelled NAUKUXA RELOURCH (gained 1)
You see here a +0 dagger.
Found a mace.
Found a runed translucent door.
Could not explore, unopened runed door.
You open the door.
Crazy Yiuf hits you with a +3 quarterstaff of chaos!
You are poisoned.
A red film seems to cover your vision as you go berserk!
You feel yourself moving faster!
You feel mighty!
You feel very sick.
Crazy Yiuf hits you with a +3 quarterstaff of chaos!
You feel yourself slow down.
You hit Crazy Yiuf. You grab Crazy Yiuf.
Crazy Yiuf is moderately wounded.
You constrict Crazy Yiuf.
You feel very sick.
You hit Crazy Yiuf.
Crazy Yiuf is heavily wounded.
You constrict Crazy Yiuf.
You feel sick.
Crazy Yiuf grits, "Fire return to song song!"
Crazy Yiuf hits you with a +3 quarterstaff of chaos!
You die...

.......#)....#
#..#
......>....###
#..#
......#....#
#..#
..<...#.)..#
##### #†.#
......#...:#
#..)# #..#
....###....#
#...# #..#
##..###....#
... #..#
#...##....#
#g# #.##
#.#.......#
♣♣@♣ #.#
#.####....#
♣.♣♣ #.# #.##
#.#### ♣♣.♣
### #..# #..#
♣.♣♣
##.####.###
♣♣.♣♣
#........#
♣...♣♣
########.#
♣....♣ #.#
#....#
#.####..##


You could see Crazy Yiuf.

Vanquished Creatures
  Terence (D:3)
  2 hound skeletons
  Robin (D:2)
  3 adders (D:3)
  2 worms
  A dart slug (D:2)
  An orc (D:3)
  A ball python (D:2)
  6 bats
  5 endoplasms
  A giant cockroach (D:1)
  14 goblins
  10 hobgoblins
  6 jackals
  5 frilled lizards
  8 kobolds
  2 rats
69 creatures vanquished.

Notes
Turn   | Place    | Note
-------+----------+-------------------------------------------
     0 | D:1      | Froggeryz the Octopode Berserker began the quest for the
                  | Orb.
     0 | D:1      | Reached XP level 1. HP: 16/16 MP: 1/1
   337 | D:1      | Reached skill level 1 in Stealth
   377 | D:1      | Reached XP level 2. HP: 21/21 MP: 2/2
   948 | D:1      | Reached XP level 3. HP: 19/26 MP: 3/3
  1257 | D:2      | Reached skill level 4 in Short Blades
  1390 | D:2      | Reached ** piety under Trog
  1756 | D:2      | Reached XP level 4. HP: 29/31 MP: 4/4
  2049 | D:2      | Reached skill level 1 in Slings
  2081 | D:2      | Noticed Robin
  2099 | D:2      | Killed Robin
  2489 | D:2      | Found a faded altar of an unknown god.
  2738 | D:3      | Found an ornate altar of the Wu Jian Council.
  2792 | D:3      | Noticed Terence
  2803 | D:3      | Killed Terence
  2804 | D:3      | Reached XP level 5. HP: 36/36 MP: 5/5
  2889 | D:3      | Found Paapal's Book Shop.
  3127 | D:3      | Reached *** piety under Trog
  3582 | D:3      | Found a runed translucent door.
  3583 | D:3      | Noticed Crazy Yiuf
  3589 | D:3      | Slain by Crazy Yiuf

Illustrated notes

Levels and vault maps discovered:
D:1:      beargit_arrival_greenhouse, layout_loops_ring, serial_bayou_crossing
D:2:      layout_basic, hellmonk_ecumenical_altar_pennies_from_heaven,
          grunt_ministairs_2, uniq_robin
D:3:      layout_rooms, nicolae_overflow_crystal_walls, serial_shops, shop,
          small_statue_intersection, uniq_terence, uniq_crazy_yiuf_cottage

Skill      XL: |  1  2  3  4 |
---------------+-------------+-----
Stealth        | 1 2 3 |  3.5
Short Blades   | 4 |  4.9
Slings         | 1 |  1.8
Fighting       | |  3.0
Dodging        | |  3.0

Action                   |  1- 3 |  4- 6 || total
-------------------------+-------+-------++-------
Melee: Short sword       |    78 |    87 ||   165
       Constrict         |    16 |    16 ||    32
       Tentacles         |    12 |    11 ||    23
Invok: Berserk           |       |     3 ||     3
 Stab: Sleeping          |    10 |     6 ||    16
Armor: Skin              |     8 |     4 ||    12
Dodge: Dodged            |    44 |    34 ||    78

Table legend: (Time is in decaauts)
 A = Elapsed time spent in this place.
 B = Non-inter-level travel time spent in this place.
 C = Inter-level travel time spent in this place.
 D = Time resting spent in this place.
 E = Time spent auto-exploring this place.
 F = Levels seen in this place.
 G = Mean time per level.
                   A        B        C        D        E       F      G
               +--------+--------+--------+--------+--------+-----+--------+
         Total |   3590 |   3482 |    108 |    731 |   2341 |   3 | 1196.7 |
       Dungeon |   3590 |   3482 |    108 |    731 |   2341 |   3 | 1196.7 |
               +--------+--------+--------+--------+--------+-----+--------+

Top non-repeatable levels by time:
     D:2: 1483 daAuts
     D:1: 1112 daAuts
     D:3: 994 daAuts
